Get step-by-step instructions on how to execute this build order below. Start the game timer, and the build order will tick by so you can play in parallel with StarCraft on a second screen or mobile device.

Game Time

  0:00

Last Step

  N/A

Next Step

Upcoming Step



Don't want to look back and forth between 2 screens? Try out our Overwolf App, the Spawning Tool Build Advisor to get an in-game overlay with this build!

Complete Build Order

  12  0:00  Drone  
  13  0:13  Overlord  
  13  0:16  Drone  
  14  0:31  Drone x2  
  16  0:49  Hatchery  
  15  0:52  Drone  
  15  0:56  Drone  
  17  0:59  Drone  
  18  1:08  Extractor  
  18  1:09  Drone  
  18  1:21  Spawning Pool  
  18  1:24  Drone  
  18  1:28  Drone  
  19  1:39  Drone  
  20  1:50  Overlord  
  20  2:09  Queen  
  20  2:10  Zergling x2, Queen  
  20  2:11  Zergling x2  
  26  2:17  Drone  
  26  2:19  Overlord  
  27  2:23  Metabolic Boost  
  27  2:45  Drone x6  
  33  2:56  Overlord  
  33  2:57  Overlord  
  33  3:05  Queen  
  35  3:11  Drone x2  
  36  3:24  Drone  
  36  3:25  Drone  
  38  3:28  Drone  
  38  3:30  Drone  
  38  3:31  Hatchery  
  39  3:34  Drone  
  39  3:35  Drone  
  39  3:37  Drone  
  42  3:44  Queen  
  42  3:47  Drone  
  45  3:53  Lair  
  45  4:02  Evolution Chamber  
  44  4:03  Evolution Chamber  
  44  4:04  Spore Crawler  
  44  4:05  Baneling Nest  
  44  4:07  Spore Crawler  
  44  4:09  Drone x2  
  42  4:11  Drone  
  42  4:14  Drone  
  44  4:21  Zergling x2  
  44  4:22  Zergling x6  
  44  4:23  Zergling x2  
  49  4:42  Zerg Melee Weapons Level 1  
  49  4:43  Zerg Ground Armor Level 1  
  49  4:50  Queen  
  49  4:52  Drone x7  
  58  5:03  Overlord x4  
  58  5:10  Extractor, Drone x2  
  58  5:12  Drone x2, Extractor  
  58  5:13  Drone  
  61  5:16  Overlord  
  61  5:19  Overlord  
  61  5:22  Overlord  
  54  5:30  Zergling x2  
  54  5:31  Zergling x4  
  57  5:39  Zergling x2  
  57  5:40  Zergling x12  
  57  5:41  Zergling x2  
  58  6:02  Queen  
  52  6:04  Queen  
  52  6:09  Zergling x2  
  52  6:10  Zergling x6  
  52  6:16  Zergling x8  
  52  6:17  Zergling x2  
  52  6:18  Zergling x2  
  41  6:40  Zergling x10  
  41  6:53  Zergling x2  
  43  6:54  Zergling x2  
  40  7:03  Zergling x4  
  38  7:13  Zergling x4, Roach Warren  
  38  7:15  Baneling x4  
  39  7:21  Zergling x6  
  41  7:36  Zergling x2  
  41  7:37  Zergling x6  
  44  7:47  Zergling x2  
  40  8:12  Zergling x2  
  40  8:13  Zergling x8